 Dungeon Crawl Stone Soup version 0.24.0-13-gcf9b319 (webtiles) character file.

Game seed: 16695247175773118667, levelgen mode: deterministic

98 Fortress the Conjurer (level 5, -2/35 HPs)
             Began as a Human Conjurer on Jan 20, 2020.
             Killed from afar by Natasha (6 damage)
             ... with a magic dart
             ... on level 2 of the Dungeon on Jan 21, 2020.
             The game lasted 00:06:13 (1671 turns).

Fortress the Conjurer (Human Conjurer)              Turns: 1671, Time: 00:06:14

Health: -2/35      AC:  3    Str:  8    XL:     5   Next: 1%
Magic:  0/9        EV: 12    Int: 17    God:
Gold:   102        SH:  0    Dex: 13    Spells: 9/10 levels left

rFire    + . .     SeeInvis .   l - +0 long sword (freeze)
rCold    x . .     Gourm    .   (no shield)
rNeg     . . .     Faith    .   n - +1 robe {MR+}
rPois    .         Spirit   .   (no helmet)
rElec    .         Reflect  .   (no cloak)
rCorr    .         Harm     .   (no gloves)
MR       +....                  (no boots)
Stlth    ++........             (no amulet)
HPRegen  0.11/turn              k - ring of fire
MPRegen  0.11/turn              (no ring)

@: slowed, very slow
A: no striking features
a: no special abilities


You were on level 2 of the Dungeon.
You were not hungry.

You visited 1 branch of the dungeon, and saw 2 of its levels.

You collected 102 gold pieces.

Inventory:

Hand Weapons
 j - a +1 spear of venom
 l - a +0 long sword of freezing (weapon)
Missiles
 i - 6 atropa-tipped darts (quivered)
Armour
 n - a +1 robe of magic resistance (worn)
Jewellery
 k - a ring of fire (left hand)
Scrolls
 b - a scroll of amnesia {unknown}
 e - 6 scrolls of identify {unknown}
 g - a scroll of immolation {unknown}
 h - a scroll of fog {unknown}
 m - a scroll of enchant weapon {unknown}
Potions
 d - a potion of lignification {unknown}
 f - a potion of agility {unknown}
Comestibles
 c - 3 rations


   Skills:
 - Level 2.0 Dodging
 - Level 2.1 Stealth
 * Level 3.2 Spellcasting
 + Level 5.1 Conjurations


You had 9 spell levels left.
You knew the following spells:

 Your Spells              Type           Power        Failure   Level  Hunger
a - Magic Dart            Conj           ###.         1%          1    None

Your spell library contained the following spells:

 Spells                   Type           Power        Failure   Level  Hunger
 Searing Ray              Conj           ###...       3%          2    ##.....
 Dazzling Spray           Conj/Hex       ##....       19%         3    ###....
 Iskenderun's Mystic Bla  Conj           ###.....     21%         4    ####...
 Force Lance              Conj/Tloc      ##......     52%         4    ####...
 Fulminant Prism          Conj/Hex       ##........   52%         4    ####...


Dungeon Overview and Level Annotations

Branches:
Dungeon (2/15)

Altars:
Elyvilon
Makhleb

Annotations:
D:2 Natasha


Message History

Confirm with . or Enter, or press ? or * to list all spells.
Aiming: Magic Dart (safe; 1% risk of failure)
Press: ? - help, Shift-Dir - straight line, f/p - Natasha
Aim: Natasha (heavily wounded)
The magic dart hits Natasha.
Natasha is heavily wounded.
Natasha misses you.
You hit Natasha. You freeze Natasha.
Natasha is severely wounded.
Natasha claws you. Natasha barely misses you.
Natasha claws you but does no damage.
You closely miss Natasha.
Natasha is severely wounded.
Natasha wildly gestures.
Natasha glows brightly for a moment.
Natasha claws you!
* * * LOW HITPOINT WARNING * * *
Natasha casts a spell at you. The magic dart hits you.
You die...

.#.....##.###..########
....รท..........#..
#......####.####.#
#......###### #.#
...........# #.#
##########.# #.# #.#
#5# #.# #h# #.# #@# #.#
#.# #.# #.# #.# #.#
#.#####.# #.......#
#########


You could see Natasha and a crimson imp.

Vanquished Creatures
  A hound (D:2)
  Natasha (D:2)
  An adder (D:2)
  An ooze (D:1)
  A worm (D:2)
  A leopard gecko (D:2)
  2 giant cockroaches
  4 hobgoblins
  3 kobolds (D:1)
  3 bats
  5 frilled lizards (D:1)
  4 goblins
  6 rats
33 creatures vanquished.

Notes
Turn   | Place    | Note
-------+----------+-------------------------------------------
     0 | D:1      | Fortress the Human Conjurer began the quest for the Orb.
     0 | D:1      | Reached XP level 1. HP: 13/13 MP: 3/3
   260 | D:1      | Reached XP level 2. HP: 19/19 MP: 1/5
   452 | D:1      | Reached XP level 3. HP: 6/24 MP: 1/6
  1051 | D:2      | Reached XP level 4. HP: 21/30 MP: 1/8
  1134 | D:2      | Found a burning altar of Makhleb.
  1365 | D:2      | Found a white marble altar of Elyvilon.
  1382 | D:2      | Noticed Natasha
  1387 | D:2      | Killed Natasha
  1387 | D:2      | Reached skill level 5 in Conjurations
  1597 | D:2      | Reached XP level 5. HP: 35/35 MP: 5/9
  1653 | D:2      | Noticed Natasha
  1671 | D:2      | Killed from afar by Natasha

Levels and vault maps discovered:
D:1:      dpeg_arrival_short_road, layout_basic
D:2:      minmay_diamond_boxcup, layout_loops_ring, makhleb_blood_cavern_becter,
          small_statue_intersection, elyvilon_altar_1, uniq_natasha

Skill      XL: |  1  2  3  4 |
---------------+-------------+-----
Spellcasting   | 3 |  3.2
Conjurations   | 5 |  5.1
Dodging        | |  2.0
Stealth        | |  2.1

Action                   |  1- 3 |  4- 6 || total
-------------------------+-------+-------++-------
Melee: Short sword       |    13 |       ||    13
       Spear             |    10 |       ||    10
       Long sword        |       |     6 ||     6
Throw: Dart              |     4 |       ||     4
 Cast: Magic Dart        |    43 |    30 ||    73
  Use: Potion            |       |     1 ||     1
  Eat: Chunk             |       |     3 ||     3
Armor: Robe              |     9 |     2 ||    11
Dodge: Dodged            |    19 |     9 ||    28
       Rpst.: Long sword |       |     1 ||     1
